TOP OF THE 1ST |
Rocky Mountain Nuggets batting - Pitching for Capital District Red Knights : RHP Bob Compton
|
Pitching: RHP Bob Compton
|
|
Batting: RHB Mark Melton
|
0-0: Ball 1-0: Ball 2-0: Foul Ball, location: 2F 2-1: Ball 3-1: Swinging Strike 3-2: Fly out, F9 (Flyball, 9M)
|
Batting: RHB Iván Vega
|
0-0: Ball 1-0: Called Strike 1-1: SINGLE (Groundball, 6)
|
Batting: LHB Juan Ríos
|
0-0: Fielders Choice at 2nd, 6-4 (Groundball, 6)
|
Batting: RHB David Verhoeve
|
0-0: Swinging Strike 0-1: Ball 1-1: Foul Ball, location: 2F 1-2: Foul Ball, location: 2F 1-2: Foul Ball, location: 2F 1-2: Ball 2-2: Ball 3-2: Base on Balls Juan Ríos to second
|
Batting: LHB Randy Bowen
|
0-0: Ball 1-0: Called Strike 1-1: Fielders Choice at 2nd, U6 (Groundball, 6M)
|
Top of the 1st over - 0 run(s), 1 hit(s), 0 error(s), 2 left on base; Rocky Mountain 0 - Capital District 0 |
BOTTOM OF THE 1ST |
Capital District Red Knights batting - Pitching for Rocky Mountain Nuggets : RHP Richard Allison
|
Pitching: RHP Richard Allison
|
|
Batting: RHB Shawn Hicks
|
0-0: Ball 1-0: Swinging Strike 1-1: Bunted foul 1-2: Fly out, F7 (Line Drive, 7D)
|
Batting: LHB Arturo Hernández
|
0-0: Ball 1-0: SINGLE (Groundball, 34)
|
Batting: RHB Tom Christensen
|
0-0: Ball 1-0: Ball 2-0: Ball 3-0: Base on Balls Arturo Hernández to second
|
Batting: LHB Stan Lewis
|
0-0: Fly out, F8 (Flyball, 8RD)
|
Batting: RHB Chang-bum Pak
|
0-0: Ball 1-0: Called Strike 1-1: SINGLE (Line Drive, 56D) Arturo Hernández to third Tom Christensen to second Runner from 3rd tries for Home, SAFE, no throw or cutoff
|
Batting: RHB Manny Carbajal
|
0-0: Ball 1-0: Foul Ball, location: 2F 1-1: Ball 2-1: Swinging Strike 2-2: Foul Ball, location: 2F 2-2: Ball 3-2: Foul Ball, location: 2F 3-2: Base on Balls Tom Christensen to third Chang-bum Pak to second
|
Batting: RHB Martin Young
|
0-0: Called Strike 0-1: Ball 1-1: Ball 2-1: Ground out 5-3 (Groundball, 5S)
|
Bottom of the 1st over - 1 run(s), 2 hit(s), 0 error(s), 3 left on base; Rocky Mountain 0 - Capital District 1 |
TOP OF THE 2ND |
Rocky Mountain Nuggets batting - Pitching for Capital District Red Knights : RHP Bob Compton
|
Batting: LHB Javier Sánchez
|
0-0: Foul Ball, location: 2F 0-1: Foul Ball, location: 2F 0-2: Strikes out looking
|
Batting: RHB Michael Riley
|
0-0: Ball 1-0: Ball 2-0: Foul Ball, location: 2F 2-1: Foul Ball, location: 2F 2-2: Foul Ball, location: 2F 2-2: Foul Ball, location: 2F 2-2: Ground out 6-3 (Groundball, 6)
|
Batting: SHB Jorge Colomo
|
0-0: Called Strike 0-1: Swinging Strike 0-2: Ground out 3-1 (Groundball, 34)
|
Top of the 2nd over - 0 run(s), 0 hit(s), 0 error(s), 0 left on base; Rocky Mountain 0 - Capital District 1 |
BOTTOM OF THE 2ND |
Capital District Red Knights batting - Pitching for Rocky Mountain Nuggets : RHP Richard Allison
|
Batting: SHB Joreăo Canosa
|
0-0: Ball 1-0: Called Strike 1-1: Foul Ball, location: 2F 1-2: Foul Ball, location: 2F 1-2: Foul Ball, location: 2F 1-2: Strikes out swinging
|
Batting: RHB Gonzalo Núńez
|
0-0: Ball 1-0: Ball 2-0: Fly out, F3 (Popup, 3DF)
|
Batting: RHB Shawn Hicks
|
0-0: Ball 1-0: Called Strike 1-1: Fly out, F5 (Popup, 5DF)
|
Bottom of the 2nd over - 0 run(s), 0 hit(s), 0 error(s), 0 left on base; Rocky Mountain 0 - Capital District 1 |
TOP OF THE 3RD |
Rocky Mountain Nuggets batting - Pitching for Capital District Red Knights : RHP Bob Compton
|
Batting: RHB Juan Ávila
|
0-0: Called Strike 0-1: Ball 1-1: Foul Ball, location: 2F 1-2: Ball 2-2: Ball 3-2: Foul Ball, location: 2F 3-2: Base on Balls
|
Batting: RHB Mark Melton
|
0-0: Ball 1-0: Ball 2-0: Called Strike 2-1: Ball 3-1: Base on Balls Juan Ávila to second
|
Batting: RHB Iván Vega
|
0-0: Grounds into double play, 6-4-3 (Groundball, 6) Juan Ávila to third
|
Batting: LHB Juan Ríos
|
0-0: Called Strike 0-1: Swinging Strike 0-2: SINGLE (Groundball, 4MD) Juan Ávila scores
|
Batting: RHB David Verhoeve
|
0-0: SINGLE (Groundball, 6MD) Juan Ríos to second Runner from 2nd tries for 3rd, SAFE, no throw or cutoff
|
Batting: LHB Randy Bowen
|
0-0: Called Strike 0-1: Ball 1-1: Ball 2-1: Ball 3-1: Foul Ball, location: 2F 3-2: Base on Balls David Verhoeve to second
|
Batting: LHB Javier Sánchez
|
0-0: Called Strike 0-1: Ball 1-1: Fly out, F6 (Line Drive, 6M)
|
Top of the 3rd over - 1 run(s), 2 hit(s), 0 error(s), 3 left on base; Rocky Mountain 1 - Capital District 1 |
BOTTOM OF THE 3RD |
Capital District Red Knights batting - Pitching for Rocky Mountain Nuggets : RHP Richard Allison
|
Batting: LHB Arturo Hernández
|
0-0: SINGLE (Groundball, 34D)
|
Batting: RHB Tom Christensen
|
0-0: Called Strike 0-1: Ball 1-1: SINGLE (Line Drive, 8RS) Arturo Hernández to second
|
Batting: LHB Stan Lewis
|
0-0: Foul Ball, location: 2F 0-1: Ball 1-1: Ball 2-1: Fly out, F8 (Flyball, 8RXD) Runner from 2nd tags up, SAFE at 3rd, no throw
|
Batting: RHB Chang-bum Pak
|
0-0: Ball 1-0: Called Strike 1-1: Ball 2-1: Fly out, F9 (Flyball, 3D) Runner from 3rd tags up, SCORES, no throw
|
Batting: RHB Manny Carbajal
|
0-0: Ball 1-0: Foul Ball, location: 2F 1-1: Ball 2-1: Foul Ball, location: 2F 2-2: SINGLE (Line Drive, 8LS) Tom Christensen to second
|
Batting: RHB Martin Young
|
0-0: Ball 1-0: Foul Ball, location: 2F 1-1: Ball 2-1: Foul Ball, location: 2F 2-2: Ball 3-2: SINGLE (Line Drive, 4D) Tom Christensen to third Manny Carbajal to second Tom Christensen scores Manny Carbajal to third
|
Batting: SHB Joreăo Canosa
|
0-0: Ball 1-0: Foul Ball, location: 2F 1-1: Called Strike 1-2: Ball 2-2: Foul Ball, location: 2F 2-2: Ground out 1-3 (Groundball, 15)
|
Bottom of the 3rd over - 2 run(s), 4 hit(s), 0 error(s), 2 left on base; Rocky Mountain 1 - Capital District 3 |
TOP OF THE 4TH |
Rocky Mountain Nuggets batting - Pitching for Capital District Red Knights : RHP Bob Compton
|
Batting: RHB Michael Riley
|
0-0: Ball 1-0: Ball 2-0: Ball 3-0: Base on Balls
|
Batting: SHB Jorge Colomo
|
0-0: Called Strike 0-1: Fly out, F9 (Flyball, 9M)
|
Batting: RHB Juan Ávila
|
0-0: Called Strike 0-1: Fly out, F3 (Flyball, 3F)
|
Batting: RHB Mark Melton
|
0-0: Ball 1-0: Called Strike 1-1: Ball 2-1: Ball 3-1: Base on Balls Michael Riley to second
|
Batting: RHB Iván Vega
|
0-0: Fielders Choice at 2nd, U6 (Groundball, 6M)
|
Top of the 4th over - 0 run(s), 0 hit(s), 0 error(s), 2 left on base; Rocky Mountain 1 - Capital District 3 |
BOTTOM OF THE 4TH |
Capital District Red Knights batting - Pitching for Rocky Mountain Nuggets : RHP Richard Allison
|
Batting: RHB Gonzalo Núńez
|
0-0: Ball 1-0: Ground out 5-3 (Groundball, 5)
|
Batting: RHB Shawn Hicks
|
0-0: Foul Ball, location: 2F 0-1: Ball 1-1: Called Strike 1-2: Fly out, F8 (Flyball, 8RM)
|
Batting: LHB Arturo Hernández
|
0-0: Ball 1-0: Ball 2-0: Ball 3-0: Foul Ball, location: 2F 3-1: Base on Balls
|
Batting: RHB Tom Christensen
|
0-0: Ball 1-0: Called Strike 1-1: Ball 2-1: Foul Ball, location: 2F 2-2: Ground out 6-3 (Groundball, 6)
|
Bottom of the 4th over - 0 run(s), 0 hit(s), 0 error(s), 1 left on base; Rocky Mountain 1 - Capital District 3 |
TOP OF THE 5TH |
Rocky Mountain Nuggets batting - Pitching for Capital District Red Knights : RHP Bob Compton
|
Batting: LHB Juan Ríos
|
0-0: Called Strike 0-1: Ball 1-1: Fly out, F8 (Line Drive, 8LD)
|
Batting: RHB David Verhoeve
|
0-0: Ball 1-0: Ball 2-0: DOUBLE (Line Drive, 8LXD)
|
Batting: LHB Randy Bowen
|
0-0: Called Strike 0-1: Called Strike 0-2: Ball 1-2: Ground out 6-3 (Groundball, 6)
|
Batting: LHB Javier Sánchez
|
0-0: Ground out U3 (Groundball, 3L)
|
Top of the 5th over - 0 run(s), 1 hit(s), 0 error(s), 1 left on base; Rocky Mountain 1 - Capital District 3 |
BOTTOM OF THE 5TH |
Capital District Red Knights batting - Pitching for Rocky Mountain Nuggets : RHP Richard Allison
|
Batting: LHB Stan Lewis
|
0-0: Ball 1-0: Called Strike 1-1: Ball 2-1: Ground out 4-3 (Groundball, 4)
|
Batting: RHB Chang-bum Pak
|
0-0: Swinging Strike 0-1: Swinging Strike 0-2: Foul Ball, location: 2F 0-2: Foul Ball, location: 2F 0-2: Ball 1-2: Ground out 6-3 (Groundball, 6M)
|
Batting: RHB Manny Carbajal
|
0-0: Swinging Strike 0-1: Foul Ball, location: 2F 0-2: Ball 1-2: Ball 2-2: Ball 3-2: Foul Ball, location: 2F 3-2: Base on Balls
|
Batting: RHB Martin Young
|
0-0: Ball Manny Carbajal is caught stealing 2nd base
|
Bottom of the 5th over - 0 run(s), 0 hit(s), 0 error(s), 0 left on base; Rocky Mountain 1 - Capital District 3 |
TOP OF THE 6TH |
Rocky Mountain Nuggets batting - Pitching for Capital District Red Knights : RHP Bob Compton
|
Batting: RHB Michael Riley
|
0-0: Ball 1-0: Foul Ball, location: 2F 1-1: Called Strike 1-2: Ball 2-2: Ball 3-2: Fly out, F7 (Flyball, 7LD)
|
Batting: SHB Jorge Colomo
|
0-0: Ball 1-0: Called Strike 1-1: Ball 2-1: Ball 3-1: SINGLE (Groundball, 56)
|
Batting: RHB Juan Ávila
|
0-0: Fly out, F3 (Popup, 3SF)
|
Batting: RHB Mark Melton
|
0-0: Foul Ball, location: 2F 0-1: Ground out 5-3 (Groundball, 5)
|
Top of the 6th over - 0 run(s), 1 hit(s), 0 error(s), 1 left on base; Rocky Mountain 1 - Capital District 3 |
BOTTOM OF THE 6TH |
Capital District Red Knights batting - Pitching for Rocky Mountain Nuggets : RHP Richard Allison
|
Batting: RHB Martin Young
|
0-0: Ball 1-0: Ball 2-0: Ball 3-0: Called Strike 3-1: Called Strike 3-2: Ground out 3-1 (Groundball, 34S)
|
Batting: SHB Joreăo Canosa
|
0-0: Ball 1-0: Ball 2-0: Called Strike 2-1: Fly out, F3 (Popup, 3S)
|
Batting: RHB Gonzalo Núńez
|
0-0: Swinging Strike 0-1: Ball 1-1: Ball 2-1: Ball 3-1: Base on Balls
|
Pitching: RHP Luis Miguel Rojas
|
|
Batting: RHB Shawn Hicks
|
0-0: Called Strike 0-1: Foul Ball, location: 2F 0-2: Ball 1-2: Foul Ball, location: 2F 1-2: Ball Gonzalo Núńez is caught stealing 2nd base
|
Bottom of the 6th over - 0 run(s), 0 hit(s), 0 error(s), 0 left on base; Rocky Mountain 1 - Capital District 3 |
TOP OF THE 7TH |
Rocky Mountain Nuggets batting - Pitching for Capital District Red Knights : RHP Bob Compton
|
Batting: RHB Iván Vega
|
0-0: Ground out 6-3 (Groundball, 6)
|
Batting: LHB Juan Ríos
|
0-0: Foul Ball, location: 2F 0-1: Foul Ball, location: 2F 0-2: Fly out, F4 (Line Drive, 4)
|
Batting: RHB David Verhoeve
|
0-0: Ball 1-0: Ball 2-0: Ball 3-0: Base on Balls
|
Batting: LHB Randy Bowen
|
0-0: SINGLE (Line Drive, 4M) David Verhoeve to second Runner from 2nd tries for 3rd, SAFE, throw made to third
|
Pitching: RHP Reynaldo Díaz
|
|
Batting: LHB Javier Sánchez
|
0-0: Ball 1-0: Ball 2-0: Called Strike 2-1: Fly out, F2 (Popup, 25F)
|
Top of the 7th over - 0 run(s), 1 hit(s), 0 error(s), 2 left on base; Rocky Mountain 1 - Capital District 3 |
BOTTOM OF THE 7TH |
Capital District Red Knights batting - Pitching for Rocky Mountain Nuggets : RHP Luis Miguel Rojas
|
Batting: RHB Shawn Hicks
|
0-0: Ball 1-0: Ball 2-0: SINGLE (Groundball, 6MD)
|
Batting: LHB Arturo Hernández
|
0-0: Ball 1-0: Sac Bunt - play at first, batter OUT! 1-4 Shawn Hicks to second
|
Batting: RHB Tom Christensen
|
0-0: Called Strike 0-1: Foul Ball, location: 2F 0-2: Ball 1-2: Foul Ball, location: 2F 1-2: Ball 2-2: Strikes out swinging
|
Batting: LHB Stan Lewis
|
0-0: SINGLE (Line Drive, 4M) Shawn Hicks to third
|
Batting: RHB Chang-bum Pak
|
0-0: Called Strike 0-1: Fly out, F6 (Popup, 6D)
|
Bottom of the 7th over - 0 run(s), 2 hit(s), 0 error(s), 2 left on base; Rocky Mountain 1 - Capital District 3 |
TOP OF THE 8TH |
Rocky Mountain Nuggets batting - Pitching for Capital District Red Knights : RHP Reynaldo Díaz
|
Batting: RHB Michael Riley
|
0-0: Fly out, F6 (Line Drive, 6)
|
Batting: SHB Jorge Colomo
|
0-0: Called Strike 0-1: Foul Ball, location: 2F 0-2: Ground out 6-3 (Groundball, 6M)
|
Batting: RHB Juan Ávila
|
0-0: Ball 1-0: Swinging Strike 1-1: Ball 2-1: Foul Ball, location: 2F 2-2: Fly out, F8 (Flyball, 8RD)
|
Top of the 8th over - 0 run(s), 0 hit(s), 0 error(s), 0 left on base; Rocky Mountain 1 - Capital District 3 |
BOTTOM OF THE 8TH |
Capital District Red Knights batting - Pitching for Rocky Mountain Nuggets : RHP Luis Miguel Rojas
|
Batting: RHB Manny Carbajal
|
0-0: Foul Ball, location: 2F 0-1: Ground out 6-3 (Groundball, 6)
|
Batting: RHB Martin Young
|
0-0: Ground out 4-3 (Groundball, 6MS)
|
Batting: SHB Joreăo Canosa
|
0-0: Called Strike 0-1: Foul Ball, location: 2F 0-2: Strikes out swinging
|
Bottom of the 8th over - 0 run(s), 0 hit(s), 0 error(s), 0 left on base; Rocky Mountain 1 - Capital District 3 |
TOP OF THE 9TH |
Rocky Mountain Nuggets batting - Pitching for Capital District Red Knights : RHP Reynaldo Díaz
|
Pitching: RHP Marlon Miller
|
|
Batting: RHB Mark Melton
|
0-0: Called Strike 0-1: Ball 1-1: Foul Ball, location: 2F 1-2: Ground out 4-3 (Groundball, 13)
|
Batting: RHB Iván Vega
|
0-0: Ball 1-0: Swinging Strike 1-1: Fly out, F6 (Line Drive, 6)
|
Batting: LHB Juan Ríos
|
0-0: Ball 1-0: Ground out 1-3 (Groundball, 13)
|
Top of the 9th over - 0 run(s), 0 hit(s), 0 error(s), 0 left on base; Rocky Mountain 1 - Capital District 3 |
|